AoeStats
← albertogilborque1

Four Lakes

508241709Analyzed
1v1 RM · 10d ago on Sep 21, 2026· 39m 16s· 2 players
Game mode
Random Map
Map size
Tiny (2 player)
Population
200
Speed
Normal
Resources
Standard
Victory
Conquest
Starting age
Dark Age
Ending age
Imperial Age
RankedLock teamsTeams togetherTeam positionsShared explorationLock speedFull tech treeHidden civsTurbo modeCheats
Victory
Defeat
🇨🇿 Hindustanis · Czechia
1041
+15
🇪🇸 Bohemians · Spain
1027
-15
albertogilborque1
11:40 Feudal Age
11:25 Loom
12:26 Double-Bit Axe
14:08 Fishing Lines
19:49 Castle Age
18:43 Forging
20:02 Fletching
20:46 Gillnets
20:57 Pikeman
22:29 Squires
22:34 Scale Mail Armor
22:42 Husbandry
23:25 Wheelbarrow
23:21 Town Watch
25:48 Scale Barding Armor
30:02 Chain Barding Armor
32:10 Chemistry
31:34 Town Patrol
32:55 Iron Casting
32:20 Arson
33:00 Bow Saw
40:12 Imperial Age
H4us3
11:05 Feudal Age
11:42 Double-Bit Axe
12:16 Fishing Lines
13:49 Loom
17:01 Castle Age
15:16 Horse Collar
17:20 Forging
17:16 Scale Barding Armor
17:25 Bloodlines
17:12 Gold Mining
19:15 Husbandry
20:40 Iron Casting
20:42 Wheelbarrow
19:54 Town Watch
20:07 Stone Mining
21:53 Gillnets
22:48 Chain Barding Armor
23:48 Bow Saw
24:50 Heavy Plow
25:32 Fletching
26:18 Bodkin Arrow
31:04 Imperial Age
29:16 Grand Trunk Road
30:04 Ballistics
30:37 Murder Holes
31:11 Heavy Camel Rider
32:13 Fervor
33:58 Blast Furnace
34:55 Scale Mail Armor
36:19 Squires
36:05 Arson
36:56 Plate Barding Armor
37:05 Bracer
Connection lost

Rejoining the realm…

Still unreachable

The connection could not be restored.

Session expired

The server has moved on; the page needs a fresh start.